 Dungeon Crawl Stone Soup version 0.19.5 (webtiles) character file.

93 Gargoyl the Skirmisher (level 4, 0/39 (40) HPs)
             Began as a Ghoul Abyssal Knight on Apr 30, 2017.
             Was a Believer of Lugonu.
             Slain by a hound (2 damage)
             ... on level 4 of the Dungeon.
             The game lasted 00:05:04 (2003 turns).

Gargoyl the Skirmisher (Ghoul Abyssal Knight)       Turns: 2003, Time: 00:05:05

HP:   0/39 (40)     AC: 12    Str: 15    XL:     4   Next: 61%
MP:   4/4           EV:  4    Int:  7    God:    Lugonu [**....]
Gold: 96            SH:  0    Dex:  9    Spells: 0 memorised, 3 levels left

rFire  . . .     SeeInvis .     e - +0 broad axe
rCold  + . .     Gourm    .     d - +0 plate armour
rNeg   + + +     Faith    .     (no shield)
rPois  ∞         Spirit   .     i - +0 helmet
rElec  .         Reflect  .     (no cloak)
rCorr  .         Harm     .     (no gloves)
MR     .....                    (no boots)
Stlth  ..........               (no amulet)
                                (no ring)
                                (no ring)

@: flying, rotting
A: rotting body, claws 1, carnivore 3, cold resistance 1, negative energy
resistance 3, slow regeneration 1, torment resistance, unbreathing
a: Depart the Abyss, Bend Space, Renounce Religion


You were on level 4 of the Dungeon.
You worshipped Lugonu.
Lugonu was pleased with you.
You were not hungry.

You visited 1 branch of the dungeon, and saw 4 of its levels.
You visited the Abyss 1 time.

You collected 96 gold pieces.

Inventory:

Hand Weapons
 a - a +1 hand axe
 e - a +0 broad axe (weapon)
Armour
 d - a +0 plate armour (worn)
 i - a +0 helmet (worn)
Jewellery
 f - a cursed ring of see invisible {unknown}
 g - an uncursed amulet of guardian spirit {unknown}
 j - an uncursed amulet of rage {unknown}
Comestibles
 c - 3 meat rations


   Skills:
 + Level 4.0 Fighting
 + Level 2.5 Axes
 * Level 2.9 Armour
 + Level 0.8 Dodging
 * Level 2.6 Invocations


You had 3 spell levels left.
You didn't know any spells.

Dungeon Overview and Level Annotations

Branches:
Dungeon (4/15)
 Temple: D:4-7

Altars:
Ashenzari
Cheibriados
Yredelemnul

Annotations:
D:3 Robin


Innate Abilities, Weirdness & Mutations

Your body is rotting away.
You thrive on raw meat.
You are immune to poison.
You have sharp fingernails.
You are carnivorous and can eat meat at any time.
Your flesh is cold resistant. (rC+)
You are immune to negative energy. (rN+++)
You regenerate slowly when monsters are visible.
You are immune to unholy pain and torment.
You can survive without breathing.


Message History

* * * LOW HITPOINT WARNING * * *
You miss the hound.
The hound is moderately wounded.
You hit the hobgoblin.
You kill the hobgoblin!
Lugonu accepts your kill.
You can now bend space around yourself.
The hound bites you.
* * * LOW HITPOINT WARNING * * *
The hound bites you but does no damage. x2
Unknown command.
You feel your flesh rotting away.
You see here a hobgoblin corpse.
You butcher the hobgoblin corpse.
The hound barely misses you. The hound bites you but does no damage.
Things that are here:
4 chunks of flesh; a hobgoblin skeleton Eat one of 4 chunks of flesh? (ye/n/q)
You start eating one of the 4 chunks of flesh.
The hound bites you.
You die...

#......!.......
#............#
#...........#
#...........#
#..........#
#........#
#.......##
##...h)##
#...@<# ##..###
####


You could see a hound.

Vanquished Creatures
  3 adders
  3 worms
  3 dart slugs
  A ball python (D:2)
  14 goblins
  5 hobgoblins
  2 jackals (D:4)
  4 kobolds
  6 bats
  5 frilled lizards
  6 rats
52 creatures vanquished.

Vanquished Creatures (others)
  A lurking horror (Abyss:3)
1 creature vanquished.

Grand Total: 53 creatures vanquished

Notes
Turn   | Place    | Note
-------+----------+-------------------------------------------
     0 | Abyss:1  | Gargoyl the Ghoul Abyssal Knight began the quest for the Orb.
     0 | Abyss:1  | Reached XP level 1. HP: 19/19 MP: 1/1
   121 | Abyss:3  | Noticed a chaos spawn
   122 | D:1      | Escaped the Abyss
   300 | D:1      | Reached XP level 2. HP: 15/26 MP: 2/2
   688 | D:1      | Reached * piety under Lugonu
   973 | D:1      | Reached XP level 3. HP: 18/31 MP: 3/3
  1353 | D:2      | Reached XP level 4. HP: 40/40 MP: 4/4
  1372 | D:2      | Found a basalt altar of Yredelemnul.
  1384 | D:2      | Found a shattered altar of Ashenzari.
  1518 | D:2      | Found a snail-covered altar of Cheibriados.
  1875 | D:3      | Noticed Robin
  1975 | D:3      | Reached skill level 4 in Fighting
  2000 | D:4      | Reached ** piety under Lugonu
  2000 | D:4      | HP: 2/40 [hound (4)]
  2003 | D:4      | Slain by a hound

Skill      XL: |  1  2  3  4 |
---------------+-------------+-----
Armour         | 2 |  2.9
Axes           | 2 |  2.5
Fighting       | 4 |  4.0
Dodging        | |  0.8
Invocations    | |  2.6

Action                   |  1- 3 |  4- 6 || total
-------------------------+-------+-------++-------
Melee: Broad axe         |   178 |   102 ||   280
Invok: Depart the Abyss  |     1 |       ||     1
  Use: Scroll            |     4 |       ||     4
       Potion            |       |     4 ||     4
  Eat: Chunk             |    19 |     6 ||    25
Armor: Plate armour      |   235 |   184 ||   419
Dodge: Dodged            |    61 |    51 ||   112
